AoeStats
← JEB1GA

Nomad

510048596Analyzed
3v3 RM · 4d ago on Sep 29, 2026· 34m 32s· 6 players
Game mode
Random Map
Map size
210×210
Population
200
Speed
Normal
Resources
Standard
Victory
Conquest
Starting age
Dark Age
Ending age
Imperial Age
RankedLock teamsTeams togetherTeam positionsShared explorationLock speedFull tech treeHidden civsTurbo modeCheats
Victory
Defeat
🇲🇽 Persians · Mexico
929
+16
🇺🇸 Celts · United States
908
+17
🇺🇸 Danes · United States
861
+19
🇮🇳 Huns · India
952
-18
🇭🇰 Spanish · Hong Kong SAR China
952
-18
🇪🇸 Maya · Spain
890
-16
JEB1GA
4:26 Loom
14:36 Feudal Age
15:16 Double-Bit Axe
17:09 Wheelbarrow
17:57 Horse Collar
20:03 Fishing Lines
23:11 Castle Age
23:22 Fletching
24:11 Hand Cart
24:10 Bow Saw
24:39 Medium Warships
26:30 Bodkin Arrow
28:50 Scale Mail Armor
29:35 Forging
32:21 Padded Archer Armor
32:44 Stone Mining
Saw McGraw
3:30 Loom
15:33 Feudal Age
15:39 Man-at-Arms
16:28 Double-Bit Axe
19:16 Wheelbarrow
20:00 Scale Mail Armor
20:27 Arson
23:06 Castle Age
23:28 Forging
23:45 Long Swordsman
24:15 Gambesons
25:51 Squires
28:54 Chain Mail Armor
35:21 Iron Casting
[MARIACHIS]ALANOCTAVIO
7:28 Loom
14:18 Feudal Age
20:47 Castle Age
21:23 Wheelbarrow
21:01 Fishing Lines
22:41 Hand Cart
23:18 Medium Warships
23:11 Husbandry
24:37 Gillnets
27:44 Bloodlines
32:31 Kamandaran
El Broski
StudbooSenpai
3:25 Loom
17:44 Feudal Age
18:20 Double-Bit Axe
18:24 Town Watch
18:25 Fishing Lines
20:07 Wheelbarrow
20:20 Forging
20:16 Scale Barding Armor
23:13 Castle Age
22:41 Bloodlines
22:25 Gold Mining
24:17 Husbandry
24:54 Iron Casting
24:39 Chain Barding Armor
24:37 Town Patrol
24:41 Gillnets
25:49 Horse Collar
27:08 Gold Shaft Mining
26:39 Heavy Plow
28:54 Hand Cart
29:28 Light Cavalry
Shin Kawashima
13:47 Loom
15:59 Feudal Age
16:20 Horse Collar
21:21 Castle Age
19:44 Stone Mining
19:40 Double-Bit Axe
19:50 Gold Mining
23:26 Padded Archer Armor
24:11 Heavy Plow
26:54 Leather Archer Armor
Connection lost

Rejoining the realm…

Still unreachable

The connection could not be restored.

Session expired

The server has moved on; the page needs a fresh start.